 Dungeon Crawl Stone Soup version 0.19.5 (webtiles) character file.

3825 Monsterracer the Basher (level 10, -5/102 HPs)
             Began as an Ogre Hunter on Apr 13, 2017.
             Was an Elder of Okawaru.
             Slain by a sixfirhy (6 damage)
             ... summoned by a kobold demonologist
             ... on level 7 of the Dungeon.
             The game lasted 00:36:18 (10530 turns).

Monsterracer the Basher (Ogre Hunter)              Turns: 10530, Time: 00:36:19

Health: -5/102     AC:  4    Str: 22      XL:     10   Next: 17%
Magic:  11/14      EV: 21    Int:  8 (10) God:    Okawaru [****..]
Gold:   234        SH:  0    Dex: 15      Spells: 2 memorised, 9 levels left

rFire  . . .     SeeInvis +     B - +3 morningstar (freeze)
rCold  + . .     Gourm    .     b - +1 robe
rNeg   . . .     Faith    .     (no shield)
rPois  .         Spirit   .     (helmet restricted)
rElec  .         Reflect  .     (no cloak)
rCorr  .         Harm     .     (gloves unavailable)
MR     +....                    (boots unavailable)
Stlth  ++++......               E - amulet of magic regeneration
                                l - ring of see invisible
                                i - ring of protection from cold

@: agile, heroism, very slightly contaminated, repel missiles
A: unfitting armour, deterioration 1, high mp 1, tough skin 1
a: Heroism, Renounce Religion


You were on level 7 of the Dungeon.
You worshipped Okawaru.
Okawaru was greatly pleased with you.
You were not hungry.

You visited 1 branch of the dungeon, and saw 8 of its levels.

You collected 333 gold pieces.
You spent 99 gold pieces at shops.

Inventory:

Hand Weapons
 B - a +3 morningstar of freezing (weapon)
 C - a +0 giant spiked club
Missiles
 c - 2 large rocks
 e - 242 stones (quivered)
 o - 13 tomahawks
 y - 4 poisoned tomahawks
 A - 3 javelins
 G - 7 steel javelins
Armour
 b - a +1 robe (worn)
Jewellery
 d - an uncursed ring of protection from cold
 i - a ring of protection from cold (left hand)
 l - a ring of see invisible (right hand)
 s - an uncursed ring of wizardry
 E - an amulet of magic regeneration (around neck)
Wands
 u - a wand of paralysis (4/24)
Scrolls
 g - 5 scrolls of remove curse
 h - 2 scrolls of blinking
 k - 2 scrolls of magic mapping
 m - 2 scrolls of fog
 q - 2 scrolls of amnesia
 r - a scroll of fear
 t - 4 scrolls of enchant armour
 v - a scroll of enchant weapon
 w - a scroll of teleportation
 x - 2 scrolls of identify
Potions
 p - a potion of might
 D - a potion of haste
 F - a potion of curing
 H - a potion of flight
Comestibles
 f - 11 bread rations
 j - 5 fruits
 n - 2 beef jerkies
 z - 2 meat rations
 I - 2 chunks of flesh


   Skills:
 + Level 7.2(12.2) Fighting
 * Level 11.1(16.1) Maces & Flails
 * Level 8.2(13.2) Throwing
 + Level 5.0(10.0) Dodging
 - Level 0.6(5.6) Stealth
 + Level 2.4 Spellcasting
 + Level 4.7 Invocations


You had 9 spell levels left.
You knew the following spells:

 Your Spells              Type           Power        Failure   Level  Hunger
a - Repel Missiles        Chrm/Air       #.....       56%         2    ###....
b - Blink                 Tloc           N/A          56%         2    ###....


Dungeon Overview and Level Annotations

Branches:
Dungeon (8/15)             Temple (0/1) D:7
   Lair: D:8-11

Altars:
Fedhas
Makhleb
Okawaru
Vehumet
Xom
The Shining One

Shops:
D:4 (%[**   D:5 *   D:6 :


Innate Abilities, Weirdness & Mutations

You are too large for most types of armour.
You have tough skin. (AC +1)
Your body sometimes deteriorates upon taking damage.
You have an increased reservoir of magic. (+10% MP)


Message History

* * * LOW HITPOINT WARNING * * *
You closely miss the kobold demonologist.
The kobold demonologist is moderately wounded.
The ufetubus hits you.
* * * LOW HITPOINT WARNING * * *
The ufetubus closely misses you.
The kobold demonologist hits you but does no damage.
You puncture the kobold demonologist! You freeze the kobold demonologist.
The kobold demonologist is heavily wounded.
The sixfirhy hits you.
* * * LOW HITPOINT WARNING * * *
The sixfirhy shocks you!
* * * LOW HITPOINT WARNING * * *
The ufetubus hits you.
* * * LOW HITPOINT WARNING * * *
The ufetubus barely misses you. The sixfirhy misses you.
You feel agile all of a sudden.
The sixfirhy barely misses you. x2; The ufetubus completely misses you. x2
The sixfirhy hits you.
You die...

#.#########....##########..#
#
##.##..........#............#
#
.......#####.###.#########.##
# <..##..# #.# #.# #<# #
##.##..# #.# #.# #.# #.##..#
#.###.#### #.# #.##..#
#.##.55..# ###.# #.##..#
##.##5K##.# #...# #.##..#
##...#[@.#.# #.###
#.##..###.#.#..#3#.# #.#
##.)................# #.#
#.###..###.#.#.##.### #.#
..............###.######.#
...##........## #.##.....#
#.###.#####.##
#.##.############ #.#
#.#.###.# #.##.#...........
#.#
#....##.#####.##.#.##########


You could see a kobold demonologist, a sixfirhy, an iron imp, a white imp and an
ufetubus.

Vanquished Creatures
  The ghost of DrClinical the Cudgeler, a novice HOFi (D:6)
  Joseph (D:7)
  Eustachio (D:5)
  Sigmund (D:3)
  A hungry ghost (D:7)
  Menkaure (D:7)
  Duvessa (D:6)
  An ice beast (D:6)
  A necrophage (D:7)
  2 ogres
  A phantom (D:5)
  2 centaurs
  A crocodile (D:6)
  A big kobold (D:8)
  6 bullfrogs
  2 water moccasin skeletons (D:4)
  Dowan (D:6)
  2 scorpions
  4 killer bees (D:7)
  A howler monkey (D:6)
  4 wights
  2 crimson imps
  A jelly (D:6)
  A hound (D:6)
  An orc priest (D:4)
  A bullfrog skeleton (D:5)
  3 iguanas
  Ijyb (D:2)
  4 orc wizards
  A worker ant (D:4)
  2 hound zombies
  A hound skeleton (D:6)
  2 worker ant zombies
  6 gnolls
  5 adders
  A shadow imp (D:5)
  An ooze (D:3)
  An adder skeleton (D:5)
  3 worms
  A dart slug (D:1)
  4 leopard geckos
  20 orcs
  7 bats
  5 giant cockroaches
  6 goblins
  9 hobgoblins
  7 jackals (D:6)
  10 kobolds
  4 quokkas
  A ball python (D:5)
  A ball python skeleton (D:4)
  8 frilled lizards
  A quokka skeleton (D:5)
  6 rats
163 creatures vanquished.

Vanquished Creatures (others)
  5 fungi (D:4)
5 creatures vanquished.

Grand Total: 168 creatures vanquished

Notes
Turn   | Place    | Note
-------+----------+-------------------------------------------
     0 | D:1      | Monsterracer the Ogre Hunter began the quest for the Orb.
     0 | D:1      | Reached XP level 1. HP: 22/22 MP: 1/1
   470 | D:1      | Reached XP level 2. HP: 31/31 MP: 2/2
   812 | D:2      | Gained mutation: Your body sometimes deteriorates upon taking damage. [potion of mutation]
   812 | D:2      | Gained mutation: You have an increased reservoir of magic. (+10% MP) [potion of mutation]
   904 | D:2      | Reached XP level 3. HP: 37/37 MP: 3/3
   924 | D:2      | Reached skill level 1 in Maces & Flails
  1068 | D:2      | Reached skill level 2 in Maces & Flails
  1202 | D:2      | Found a blossoming altar of Fedhas.
  1203 | D:2      | Found a glowing golden altar of the Shining One.
  1215 | D:2      | Found an iron altar of Okawaru.
  1217 | D:2      | Found a radiant altar of Vehumet.
  1221 | D:2      | Found a shimmering altar of Xom.
  1226 | D:2      | Became a worshipper of Warmaster Okawaru
  1318 | D:3      | Noticed Ijyb
  1479 | D:3      | Noticed Sigmund
  1506 | D:2      | Killed Ijyb
  1506 | D:2      | Reached skill level 3 in Maces & Flails
  1506 | D:2      | Reached XP level 4. HP: 28/45 MP: 4/4
  1837 | D:3      | Killed Sigmund
  1837 | D:3      | Reached skill level 6 in Maces & Flails
  1837 | D:3      | Reached XP level 5. HP: 46/53 MP: 5/5
  1837 | D:3      | Reached XP level 6. HP: 53/61 MP: 6/6
  2210 | D:3      | Found a burning altar of Makhleb.
  2498 | D:4      | Found Sagol's Assorted Antiques.
  2501 | D:4      | Reached * piety under Okawaru
  2559 | D:4      | Bought a scroll labeled SEEPRA CEBIU for 18 gold pieces
  2559 | D:4      | Bought a flail for 63 gold pieces
  2559 | D:4      | Bought a scroll labeled RANI RO JEYM for 18 gold pieces
  2877 | D:4      | Found Kuiduokk's Antique Weapon Boutique.
  3112 | D:4      | Found Irphidec's Food Emporium.
  3281 | D:3      | Reached skill level 7 in Maces & Flails
  3281 | D:3      | Reached skill level 5 in Throwing
  3281 | D:3      | Reached XP level 7. HP: 32/71 MP: 7/7
  3521 | D:4      | Found Geanijeatopn's General Store.
  3563 | D:4      | Found Eppoifah's Antique Armour Shoppe.
  4091 | D:5      | Entered Level 5 of the Dungeon
  4256 | D:5      | Reached ** piety under Okawaru
  4504 | D:5      | Noticed Eustachio
  4515 | D:5      | Reached skill level 1 in Invocations
  4515 | D:5      | Reached XP level 8. HP: 60/79 MP: 9/9
  4946 | D:5      | Killed Eustachio
  4946 | D:5      | Reached skill level 5 in Fighting
  4946 | D:5      | Reached skill level 8 in Maces & Flails
  5730 | D:5      | Found Rimynapt's General Store.
  6032 | D:6      | Found Ismymp's Book Emporium.
  6585 | D:6      | Reached skill level 9 in Maces & Flails
  6732 | D:6      | Reached XP level 9. HP: 56/89 MP: 12/12
  6973 | D:6      | Reached *** piety under Okawaru
  6974 | D:6      | Noticed DrClinical's ghost (novice HOFi)
  6988 | D:6      | Noticed Duvessa
  7390 | D:6      | Noticed Dowan
  7926 | D:6      | Killed Duvessa
  7935 | D:6      | Killed Dowan
  8237 | D:5      | Reached skill level 10 in Maces & Flails
  8418 | D:6      | Killed DrClinical's ghost
  8890 | D:6      | Learned a level 2 spell: Repel Missiles
  8893 | D:6      | Learned a level 2 spell: Blink
  9061 | D:7      | Reached skill level 1 in Spellcasting
  9592 | D:7      | Noticed Joseph
  9607 | D:7      | Killed Joseph
  9607 | D:7      | Reached **** piety under Okawaru
  9607 | D:7      | Reached XP level 10. HP: 16/102 MP: 14/14
  9950 | D:7      | Noticed Menkaure
  9951 | D:7      | Killed Menkaure
  9951 | D:7      | Received a gift from Okawaru
  9951 | D:7      | Reached skill level 11 in Maces & Flails
  9951 | D:7      | Reached skill level 5 in Dodging
  9955 | D:7      | Found a staircase to the Ecumenical Temple.
 10351 | D:8      | Noticed a kobold demonologist
 10504 | D:8      | Noticed a kobold demonologist
 10507 | D:8      | Noticed a kobold demonologist
 10515 | D:8      | Noticed a sun demon
 10526 | D:7      | Noticed a sixfirhy
 10529 | D:7      | HP: 2/102 [sixfirhy[a kobold demonologist] (11)]
 10530 | D:7      | Slain by a sixfirhy

Skill      XL: |  1  2  3  4  5  6  7  8  9 10 |
---------------+-------------------------------+-----
Dodging        | 2 3 4 5 |  5.0
Fighting       | 3 4 5 7 |  7.2
Maces & Flails | 3 6 7 9 10 11 | 11.1
Throwing       | 5 6 7 8 |  8.2
Invocations    | 1 3 4 |  4.7
Spellcasting   | 1 2 |  2.4
Stealth        | |  0.6

Action                   |  1- 3 |  4- 6 |  7- 9 | 10-12 || total
-------------------------+-------+-------+-------+-------++-------
Melee: Short sword       |    35 |       |       |       ||    35
       Whip              |    63 |    39 |       |       ||   102
       Flail             |       |    26 |   127 |       ||   153
       Morningstar       |       |       |   134 |    51 ||   185
Throw: Stone             |    54 |    61 |   283 |     8 ||   406
       Large rock        |     2 |    15 |     9 |     2 ||    28
       Throwing net      |     2 |     2 |       |       ||     4
       Tomahawk          |       |    12 |     5 |       ||    17
       Javelin           |       |       |     2 |       ||     2
 Cast: Repel Missiles    |       |       |       |     1 ||     1
Invok: Heroism           |       |       |     4 |     1 ||     5
  Use: Potion            |     6 |     1 |     6 |     1 ||    14
       Scroll            |       |    10 |     2 |       ||    12
 Stab: Invisible         |     1 |       |       |       ||     1
       Held in net/web   |       |     1 |       |       ||     1
       Sleeping          |       |       |     1 |       ||     1
  Eat: Chunk             |     2 |     6 |    13 |     3 ||    24
       Beef jerky        |       |       |     1 |       ||     1
       Meat ration       |       |       |     1 |       ||     1
       Fruit             |       |       |     1 |       ||     1
Armor: Robe              |    18 |    23 |    55 |    11 ||   107
Dodge: Dodged            |    52 |    45 |   129 |    38 ||   264
